 Dungeon Crawl Stone Soup version 0.31-a0-217-g58bb5d79cf (webtiles) character file.

Game seed: 3805813858561238309

12985 horus123 the Destroyer (level 12, -1/74 HPs)
             Began as a Human Conjurer on July 3, 2023.
             Was a Priest of Sif Muna.
             Slain by a troll (8 damage)
             ... on level 2 of the Orcish Mines.
             The game lasted 00:35:06 (14864 turns).

horus123 the Destroyer (Human Conjurer)            Turns: 14864, Time: 00:35:07

Health: -1/74      AC: 14    Str: 14    XL:     12   Next: 27%
Magic:  3/26       EV: 12    Int: 23    God:    Sif Muna [***...]
Gold:   624        SH:  0    Dex: 12    Spells: 4/31 levels left

rFire   . . .        g - staff of earth
rCold   . . .        (no shield)
rNeg    . . .        J - +1 steam dragon scales
rPois   .            (no helmet)
rElec   .            r - +2 cloak
rCorr   .            j - +1 pair of gloves
SInv    +            o - +2 pair of boots
Will    .....        B - amulet of the acrobat
Stlth   ++           y - +6 ring of strength
HPRegen 0.32/turn    p - ring of see invisible
MPRegen 0.20/turn

%: acrobat
@: no status effects
A: no striking features
a: Renounce Religion, Channel Magic, Forget Spell


You were on level 2 of the Orcish Mines.
You worshipped Sif Muna.
Sif Muna was most pleased with you.
You visited 2 branches of the dungeon, and saw 12 of its levels.

You collected 624 gold pieces.

Inventory:

Hand Weapons
 f - a +0 whip
Missiles
 d - 4 atropa-tipped darts
 e - 9 javelins
 q - 75 stones
Armour
 a - a +0 robe
 j - a +1 pair of gloves (worn)
 o - a +2 pair of boots (worn)
 r - a +2 cloak (worn)
 G - +0 fire dragon scales
 J - +1 steam dragon scales (worn)
Magical Staves
 g - a staff of earth (weapon)
Jewellery
 b - a ring of flight
 p - a ring of see invisible (right hand)
 y - a +6 ring of strength (left hand)
 B - an amulet of the acrobat (around neck)
 H - a ring of fire
Wands
 F - a wand of light (8)
 I - a wand of flame (18)
 L - a wand of mindburst (5)
 M - a wand of charming (3)
Scrolls
 k - 2 scrolls of immolation
 n - 3 scrolls of vulnerability
 t - 3 scrolls of teleportation
 v - 2 scrolls of poison
 w - a scroll of enchant weapon
 C - 3 scrolls of noise
 E - a scroll of fear
 K - a scroll of acquirement {unknown}
 O - a scroll of amnesia
 Q - a scroll of silence {unknown}
Potions
 h - 3 potions of berserk rage
 i - 2 potions of degeneration
 l - 3 potions of mutation
 m - 2 potions of invisibility {unknown}
 s - a potion of resistance {unknown}
 u - a potion of haste {unknown}
 x - a potion of brilliance {unknown}
 z - 3 potions of might {unknown}
 D - 2 potions of enlightenment {unknown}
 N - a potion of lignification {unknown}


   Skills:
 - Level 2.0 Dodging
 - Level 2.0 Stealth
 - Level 10.0 Spellcasting
 + Level 11.3 Conjurations
 - Level 1.3 Hexes
 - Level 6.0 Translocations
 - Level 10.0 Earth Magic


You had 4 spell levels left.
You knew the following spells:

 Your Spells              Type           Power      Damage    Failure   Level
a - Magic Dart            Conj           100%       1d8       1%          1
b - Searing Ray           Conj           100%       2d8       1%          2
c - Stone Arrow           Conj/Erth      100%       3d13      1%          3
d - Sandblast             Erth           100%       2d20      1%          1
e - Iskenderun's Mystic   Conj/Tloc      50%        2d11      1%          4
f - Leda's Unmaking       Conj/Erth      37%        9d6       11%         6
g - Tukima's Dance        Hex            17%        N/A       10%         3
h - Orb of Destruction    Conj           29%        9d9       41%         7

Your spell library contained the following spells:

 Spells                   Type           Power      Damage    Failure   Level
 Passwall                 Tmut/Erth      42%        N/A       1%          2
 Dazzling Flash           Conj/Hex       80%        N/A       1%          3
 Slow                     Hex            68%        N/A       3%          1
 Mephitic Cloud           Conj/Pois/Air  28%        N/A       3%          3
 Fulminant Prism          Conj/Hex       20%        3d12      4%          4
 Passage of Golubria      Tloc           39%        N/A       4%          4
 Sting                    Tmut/Pois      44%        1d5       5%          1
 Summon Small Mammal      Summ           44%        N/A       5%          1
 Sticky Flame             Conj/Fire      37%        2d6       5%          4
 Petrify                  Tmut/Erth      51%        N/A       7%          4
 Call Imp                 Summ           22%        N/A       9%          2
 Poisonous Vapours        Pois/Air       22%        N/A       9%          2
 Sublimation of Blood     Necr           11%        N/A       9%          2
 Confusing Touch          Hex            17%        N/A       10%         3
 Summon Guardian Golem    Hex/Summ       14%        N/A       13%         3
 Call Canine Familiar     Summ           11%        N/A       17%         3
 Ignite Poison            Fire/Tmut/Pois 11%        N/A       17%         3
 Vampiric Draining        Necr           11%        2d6       17%         3
 Cause Fear               Hex            8%         N/A       32%         4
 Olgreb's Toxic Radiance  Pois           11%        N/A       50%         4
 Fireball                 Conj/Fire      18%        3d9       16%         5
 Irradiate                Conj/Tmut      18%        3d17      16%         5
 Statue Form              Tmut/Erth      34%        N/A       73%         6
 Metabolic Englaciation   Hex/Ice        7%         N/A       75%         5
 Yara's Violent Unravell  Hex/Tmut       7%         3d5       75%         5
 Spellforged Servitor     Conj/Summ      18%        N/A       99%         7
 Dragon Form              Tmut           5%         N/A       100%        7
 Ignition                 Fire           5%         3d4       100%        8
 Chain Lightning          Conj/Air       18%        3d24      100%        9
 Dragon's Call            Summ           5%         N/A       100%        9
 Fire Storm               Conj/Fire      18%        8d5       100%        9
 Shatter                  Erth           36%        3d29*     100%        9


Dungeon Overview and Level Annotations

Branches:
Dungeon (10/15)            Temple (0/1) D:7            Lair (0/5) D:10
    Orc (2/2) D:10
    Elf: Orc:2

Altars:
Cheibriados
Okawaru
Qazlal
Sif Muna
Trog
Uskayaw
Xom
Yredelemnul
Zin
The Shining One

Shops:
D:2 [


Message History

You feel a surge of power!
The blast of sand hits the troll!
The troll is severely wounded.
An orc comes into view. It is wielding a +0 short sword.
An orc warrior comes into view.
It is wielding a +1 long sword of freezing.
The troll closely misses you. The troll claws you but does no damage.
The troll claws you.
An orc comes into view. It is wielding a +0 morningstar.
You don't have enough magic to cast this spell.
Unknown command.
Unknown command.
Okay, then.
The troll closely misses you. The troll misses you. The troll claws you.
* * * LOW HITPOINT WARNING * * *
An orc comes into view. It is wielding a +0 club.
An orc comes into view. It is wielding a +0 dagger.
The orc closely misses you.
The orc warrior hits you but does no damage.
The troll attacks as you move away! The troll barely misses you.
The troll completely misses you. The troll barely misses you.
The orc misses you.
The orc warrior attacks as you move away!
The orc warrior completely misses you. The orc attacks as you move away!
The orc hits you but does no damage. The orc attacks as you move away!
The orc hits you but does no damage. The troll attacks as you move away!
The troll completely misses you. The troll misses you.
The troll closely misses you. The orc completely misses you.
The troll attacks as you move away! The troll completely misses you.
The troll claws you but does no damage. The troll claws you!
* * * LOW HITPOINT WARNING * * *
The troll attacks as you move away! The troll bites you but does no damage.
The troll claws you!
* * * LOW HITPOINT WARNING * * *
The troll completely misses you. The troll attacks as you move away!
The troll closely misses you. x2
The troll completely misses you.
Okay, then.
As you read the scroll of fog, it dissolves into smoke.
The troll bites you!
You die...

###..........### #o#
#..........#.## #.#
#.............# #.#
#.......o...### #.#
#.....##.o....### #.##
.......##o.......###..#
.......###o.§......###.##
.......##§T§.......#
#..###
.......#§@§§.....##
##...# .......#§§§)...###
##... .......§§..§##.#
#### ............###
###.......## #...).####
#....))..### #....)...#.#
......#.))..#


You could see a troll, an orc warrior and 3 orcs.

Vanquished Creatures
  2 two-headed ogres
  A vampire mage (D:9)
  2 orc sorcerers (Orc:2)
  Psyche (D:9)
  2 trolls
  2 hornets
  A vampire (D:9)
  9 spriggans (D:9)
  A shadow (D:10)
  3 wyverns
  11 yaks
  Eustachio (D:6)
  A steam dragon (D:9)
  Menkaure (D:7)
  A warg (Orc:2)
  3 water moccasins
  A sky beast (D:7)
  7 orc warriors
  An ice beast (D:3)
  3 centaurs
  4 ogres
  3 phantoms
  A kobold brigand (D:5)
  A necrophage (D:7)
  3 bullfrogs
  2 scorpions
  2 gnoll sergeants (D:9)
  A wyvern zombie (D:7)
  8 wights
  17 killer bees
  A howler monkey (D:8)
  A jelly (D:6)
  3 centaur zombies (D:7)
  4 hounds
  Crazy Yiuf (D:7)
  A bullfrog zombie (D:7)
  A human zombie (D:7)
  8 orc priests
  3 gnoll boudas (D:9)
  6 iguanas
  10 orc wizards
  2 mummies (D:7)
  11 gnolls
  5 adders
  A river rat (D:4)
  A shadow imp (D:7)
  A white imp (D:7)
  An ufetubus (D:2)
  A worm (D:10)
  2 dart slugs
  38 orcs
  6 bats
  9 endoplasms
  5 giant cockroaches
  11 goblins
  8 hobgoblins
  5 jackals
  5 quokkas
  8 ball pythons
  A frilled lizard (D:3)
  7 kobolds
  9 rats
272 creatures vanquished.

Notes
Turn   | Place    | Note
-------+----------+-------------------------------------------
     0 | D:1      | horus123 the Human Conjurer began the quest for the Orb.
     0 | D:1      | Reached XP level 1. HP: 13/13 MP: 3/3
   170 | D:1      | Reached XP level 2. HP: 18/19 MP: 1/5
   197 | D:1      | Learned a level 2 spell: Searing Ray
   596 | D:1      | Reached XP level 3. HP: 24/24 MP: 4/7
   600 | D:1      | Learned a level 3 spell: Stone Arrow
  1237 | D:2      | Got Finuxt's Atlas of Combat Magic
  1337 | D:2      | Reached XP level 4. HP: 22/30 MP: 7/10
  1454 | D:2      | Found a faded altar of an unknown god.
  2065 | D:2      | Found Newnodem's Armour Boutique.
  2292 | D:3      | Reached XP level 5. HP: 35/35 MP: 7/11
  2359 | D:3      | You are sucked into a shaft and drop 2 floors!
  2359 | D:5      | Entered Level 5 of the Dungeon
  2418 | D:4      | Found a shimmering altar of Xom.
  2539 | D:4      | Found a glowing golden altar of the Shining One.
  2890 | D:3      | Learned a level 1 spell: Sandblast
  2977 | D:3      | Reached skill level 5 in Spellcasting
  3101 | D:3      | Found an iron altar of Okawaru.
  3181 | D:3      | Noticed an ice beast
  3190 | D:3      | Killed an ice beast
  3191 | D:3      | Reached XP level 6. HP: 24/41 MP: 2/13
  3500 | D:3      | Found a hide-covered altar of Uskayaw.
  4096 | D:4      | Noticed an ogre
  4098 | D:4      | Killed an ogre
  4335 | D:4      | Reached XP level 7. HP: 46/46 MP: 0/14
  4851 | D:5      | Reached skill level 5 in Earth Magic
  5099 | D:5      | Reached XP level 8. HP: 50/52 MP: 7/15
  5461 | D:5      | Reached skill level 5 in Conjurations
  5953 | D:5      | Reached skill level 6 in Conjurations
  6078 | D:5      | Learned a level 4 spell: Iskenderun's Mystic Blast
  6276 | D:6      | Reached skill level 1 in Translocations
  6504 | D:6      | Found a shimmering blue altar of Sif Muna.
  6509 | D:6      | Became a worshipper of Sif Muna the Loreminder
  6719 | D:6      | Reached XP level 9. HP: 57/57 MP: 5/16
  6906 | D:6      | Noticed Eustachio
  6911 | D:6      | Killed Eustachio
  7014 | D:6      | Reached skill level 5 in Translocations
  8024 | D:7      | Found a stormy altar of Qazlal.
  8121 | D:7      | Found a runed translucent door.
  8122 | D:7      | Noticed Crazy Yiuf
  8127 | D:7      | Killed Crazy Yiuf
  8204 | D:7      | Reached * piety under Sif Muna
  8355 | D:7      | Found a staircase to the Ecumenical Temple.
  8505 | D:7      | Noticed Menkaure
  8510 | D:7      | Killed Menkaure
  8511 | D:7      | Reached skill level 7 in Conjurations
  8948 | D:7      | Reached skill level 8 in Conjurations
  9152 | D:7      | Reached XP level 10. HP: 59/63 MP: 6/19
  9287 | D:7      | Found a basalt altar of Yredelemnul.
 10337 | D:8      | Reached skill level 9 in Conjurations
 10469 | D:8      | Found a bloodstained altar of Trog.
 10473 | D:8      | Found a glowing silver altar of Zin.
 10975 | D:8      | Reached skill level 10 in Conjurations
 10976 | D:8      | Reached ** piety under Sif Muna
 11319 | D:8      | Learned a level 6 spell: Leda's Unmaking
 11486 | D:9      | Noticed Psyche
 11490 | D:9      | Killed Psyche
 11688 | D:9      | Identified the +0 scale mail of the Bouncing Coins {rPois}
 11772 | D:9      | Reached XP level 11. HP: 56/68 MP: 15/20
 11878 | D:9      | Reached skill level 10 in Earth Magic
 12581 | D:9      | Reached *** piety under Sif Muna
 12828 | D:9      | Noticed a vampire mage
 12837 | D:9      | Killed a vampire mage
 13179 | D:10     | Entered Level 10 of the Dungeon
 13203 | D:10     | Noticed a two-headed ogre
 13211 | D:10     | Killed a two-headed ogre
 13310 | D:10     | Learned a level 3 spell: Tukima's Dance
 13318 | D:10     | Learned a level 7 spell: Orb of Destruction
 13469 | D:10     | Found a staircase to the Lair.
 13475 | D:10     | Found a staircase to the Orcish Mines.
 13547 | D:10     | Found a snail-covered altar of Cheibriados.
 13725 | D:10     | Paralysed by a hornet for 1 turns
 13870 | D:10     | Reached skill level 10 in Spellcasting
 14122 | Orc:1    | Entered Level 1 of the Orcish Mines
 14236 | Orc:1    | Reached skill level 1 in Hexes
 14238 | Orc:1    | Reached XP level 12. HP: 73/74 MP: 19/26
 14347 | Orc:2    | Entered Level 2 of the Orcish Mines
 14350 | Orc:2    | Noticed a sun demon
 14597 | Orc:2    | Noticed a two-headed ogre
 14602 | Orc:2    | Killed a two-headed ogre
 14723 | Orc:2    | Reached skill level 11 in Conjurations
 14743 | Orc:2    | Noticed an orc warlord
 14816 | Orc:2    | Noticed an orc high priest
 14864 | Orc:2    | Slain by a troll

Illustrated notes

Levels and vault maps discovered:
D:1:      dpeg_arrival_refuge, layout_loops_ring
D:2:      layout_basic, hellmonk_ecumenical_altar_crossroads, serial_shops,
          nicolae_diamond_shop
D:3:      layout_loops_cross, mainiacjoe_overflow_swirl
D:4:      layout_loops_corners, nicolae_tso_carved_into_rock,
          general_overflow_altar, portal_sewer_entry_b, minmay_crystal_water
D:5:      layout_loops_ring
D:6:      layout_gridville, mainiacjoe_overflow_cross_hatched, uniq_eustachio
D:7:      hellmonk_crumbling_castle, layout_layer_cave,
          lemuel_mausoleum_altar_yredelemnul, grunt_qazlal_sundering,
          uniq_menkaure, uniq_crazy_yiuf_cottage
D:8:      corexii_shack_village, layout_loops_corners, minitemple, serial_glass,
          glass_columns_a, glass_columns_a, minivault_24
D:9:      kb_forest_paths, layout_small_grid, minmay_librarian, uniq_psyche
D:10:     layout_small_grid, slow_altar_2, lair_entry_dummy
Orc:1:    layout_diamond_mine
Orc:2:    grunt_orc_community_town_hall, layout_diamond_mine,
          grunt_orc_community_big_house_2, grunt_orc_community_big_house_1,
          grunt_orc_community_house_1, grunt_orc_community_house_3,
          grunt_orc_community_house_1, grunt_orc_community_house_1

Skill      XL: |  1  2  3  4  5  6  7  8  9 10 11 12 |
---------------+-------------------------------------+-----
Spellcasting   | 3 4 5 6 10 | 10.0
Earth Magic    | 2 4 6 9 10 | 10.0
Conjurations   | 6 8 10 11 | 11.3
Translocations | 3 6 |  6.0
Hexes          | 1 |  1.3
Dodging        | |  2.0
Stealth        | |  2.0

Action                     |  1- 3 |  4- 6 |  7- 9 | 10-12 || total
---------------------------+-------+-------+-------+-------++-------
  Melee: Whip              |     6 |       |       |       ||     6
         Punch             |     1 |       |       |       ||     1
         Staff             |       |     5 |     8 |       ||    13
  Throw: Javelin           |     4 |       |       |       ||     4
         Dart              |     2 |       |       |       ||     2
   Cast: Magic Dart        |    63 |    78 |   103 |    15 ||   259
         Searing Ray       |     2 |     8 |    20 |     7 ||    37
         Stone Arrow       |       |     3 |    33 |     1 ||    37
         Sandblast         |       |     1 |    24 |   201 ||   226
         Iskenderun's Myst |       |       |     7 |    31 ||    38
         Leda's Unmaking   |       |       |       |     1 ||     1
  Evoke: Wand              |       |       |       |     1 ||     1
    Use: Potion            |     1 |       |     1 |     2 ||     4
         Scroll            |       |       |    11 |    11 ||    22
 Armour: Robe              |     2 |     3 |    12 |    10 ||    27
         Steam dragon scal |       |       |       |    49 ||    49
  Dodge: Dodged            |     9 |    21 |    38 |   173 ||   241

Table legend: (Time is in decaauts)
 A = Elapsed time spent in this place.
 B = Non-inter-level travel time spent in this place.
 C = Inter-level travel time spent in this place.
 D = Time resting spent in this place.
 E = Time spent auto-exploring this place.
 F = Levels seen in this place.
 G = Mean time per level.
                   A        B        C        D        E       F      G
               +--------+--------+--------+--------+--------+-----+--------+
         Total |  14980 |  14638 |    342 |   2386 |  10403 |  12 | 1248.3 |
       Dungeon |  14315 |  13974 |    341 |   2208 |  10153 |  10 | 1431.5 |
  Orcish Mines |    665 |    665 |      0 |    178 |    250 |   2 |  332.5 |
               +--------+--------+--------+--------+--------+-----+--------+

Top non-repeatable levels by time:
     D:7: 2896 daAuts
     D:9: 1861 daAuts
     D:5: 1522 daAuts
     D:4: 1322 daAuts
     D:8: 1205 daAuts
     D:6: 1174 daAuts
     D:2: 1158 daAuts
     D:1: 1129 daAuts
    D:10: 1071 daAuts
     D:3: 973 daAuts
   Orc:2: 412 daAuts
   Orc:1: 252 daAuts
